 Dungeon Sprint DCSS version 0.23.2-1-ga50397a6bc (webtiles) character file.

Game seed: 8084516292556366901

107 Morrissey the Digger (level 4, 0/67 HPs)
             Began as a Troll Earth Elementalist on Apr 27, 2019.
             Succumbed to a worker ant's poison
             ... in the Dungeon (Sprint IX: "|||||||||||||||||||||||||||||").
             The game lasted 00:00:34 (51 turns).

Morrissey the Digger (Troll Earth Elementalist)       Turns: 51, Time: 00:00:34

Health: 0/67       AC:  6    Str: 21    XL:     4   Next: 56%
Magic:  4/4        EV: 11    Int: 12    God:
Gold:   0          SH:  0    Dex: 10    Spells: 4/5 levels left

rFire    . . .     SeeInvis .     - Unarmed
rCold    . . .     Gourm    +   (no shield)
rNeg     . . .     Faith    .   c - +0 robe
rPois    .         Spirit   .   (helmet restricted)
rElec    .         Reflect  .   (no cloak)
rCorr    .         Harm     .   (gloves unavailable)
MR       .....     NoTele   +   (boots unavailable)
Stlth    ..........             (no amulet)
HPRegen  0.61/turn              (no ring)
MPRegen  0.09/turn              (no ring)

@: berserking, lethally poisoned (0 -> -9), very quick
A: large, unfitting armour, claws 3, fast metabolism 3, gourmand, regeneration
1, shaggy fur 1, tough skin 3
a: no special abilities


You were in the Dungeon.
You were not hungry.

You visited 1 branch

Inventory:

Missiles
 b - 30 stones (quivered)
Armour
 c - a +0 robe (worn)
Scrolls
 j - a scroll of blinking
Potions
 g - a potion of haste
 h - 2 potions of magic
Comestibles
 d - 2 rations


   Skills:
 + Level 3.5 Fighting
 + Level 4.0 Dodging
 - Level 1.0 Stealth
 + Level 4.3 Unarmed Combat
 - Level 1.2 Spellcasting
   Level 0.6 Transmutations
 + Level 4.9 Earth Magic


You had 4 spell levels left.
You knew the following spells:

 Your Spells              Type           Power        Failure   Level  Hunger
a - Sandblast             Erth           ##....       3%          1    ##.....

Your spell library contained the following spells:

 Spells                   Type           Power        Failure   Level  Hunger
 Passwall                 Tmut/Erth      #.......     14%         2    ###....
 Stone Arrow              Conj/Erth      #.....       32%         3    ####...
 Petrify                  Tmut/Erth      #.......     67%         4    #####..
 Lee's Rapid Deconstruct  Erth           ##........   71%         5    ######.


Dungeon Overview and Level Annotations

Branches:
Dungeon (1/1)

Altars:


Innate Abilities, Weirdness & Mutations

You are too large for most types of armour.
You have claws for hands.
Your metabolism is lightning-fast.
You like to eat raw meat.
Your natural rate of healing is unusually fast.
You are covered in fur. (AC +1)
You have extremely tough skin. (AC +3)


Message History

* * * LOW HITPOINT WARNING * * *
You feel sick.
You claw the worker ant!
The worker ant is severely wounded.
* * * LOW HITPOINT WARNING * * *
You feel sick.
You closely miss the worker ant.
The worker ant is severely wounded.
* * * LOW HITPOINT WARNING * * *
You feel sick.
The worker ant bites you but does no damage.
You closely miss the worker ant.
The worker ant is severely wounded.
* * * LOW HITPOINT WARNING * * *
You feel sick. The worker ant barely misses you.
You scratch the worker ant.
You kill the worker ant!
Your Dodging skill increases to level 4!
Your Unarmed Combat skill increases to level 4!
You die...

▓.▓
▓.▓
▓)▓
▓÷▓
▓.▓
▓.▓
▓.▓
▓.▓
▓@▓
▓†▓
▓a▓
▓.▓
▓.▓
▓.▓
▓+▓


You could see a worker ant.

Vanquished Creatures
  A scorpion (D)
  2 worker ants (D)
  A dart slug (D)
  A leopard gecko (D)
  An orc (D)
  A bat (D)
  A hobgoblin (D)
  A frilled lizard (D)
9 creatures vanquished.

Notes
Turn   | Place    | Note
-------+----------+-------------------------------------------
     0 | D        | Morrissey the Troll Earth Elementalist began the quest for
                  | the Orb.
     0 | D        | Reached XP level 1. HP: 16/16 MP: 1/1
     8 | D        | Reached skill level 1 in Unarmed Combat
    10 | D        | Reached skill level 1 in Fighting
    14 | D        | Reached XP level 2. HP: 27/27 MP: 2/2
    27 | D        | Noticed a scorpion
    45 | D        | Reached XP level 3. HP: 7/35 MP: 3/3
    47 | D        | Killed a scorpion
    47 | D        | Reached XP level 4. HP: 5/45 MP: 4/4
    48 | D        | HP: 3/67 [poisoned by a worker ant]
    50 | D        | HP: 1/67 [poisoned by a worker ant]
    51 | D        | Succumbed to a worker ant's poison

Skill      XL: |  1  2  3  4 |
---------------+-------------+-----
Unarmed Combat | 1 2 3 4 |  4.3
Earth Magic    | 3 4 |  4.9
Fighting       | 1 2 3 |  3.5
Dodging        | 2 3 4 |  4.0
Stealth        | |  1.0
Spellcasting   | |  1.2
Transmutations | |  0.6

Action                   |  1- 3 |  4- 6 || total
-------------------------+-------+-------++-------
Melee: Unarmed           |    26 |     4 ||    30
  Use: Potion            |     3 |       ||     3
  Eat: Chunk             |     1 |       ||     1
Armor: Robe              |     7 |     1 ||     8
Dodge: Dodged            |     7 |     1 ||     8
